 Dungeon Crawl Stone Soup version 0.10.0-32-gfa280cc character file.

171 ThePet the Ruinous (level 4, -2/24 HPs)
             Began as a Tengu Conjurer on Apr 3, 2012.
             Killed from afar by an orc wizard (6 damage)
             ... with a magic dart
             ... on Level 4 of the Dungeon on Apr 5, 2012.
             The game lasted 00:20:41 (3580 turns).

ThePet the Ruinous (Tengu Conjurer)                 Turns: 3580, Time: 00:20:42

HP  -2/24        AC  3     Str  9      XL: 4   Next: 43%
MP  17/17        EV 12     Int 15      God:
Gold 81          SH  0     Dex 15      Spells:  2 memorised,  1 level left

Res.Fire  : . . .   See Invis. : .     - Unarmed
Res.Cold  : . . .   Warding    : . . j - +0 leather armour
Life Prot.: . . .   Conserve   : .   (no shield)
Res.Acid. : . . .   Res.Corr.  : .   (helmet restricted)
Res.Poison: .       Clarity    : .   (no cloak)
Res.Elec. : .       Spirit.Shd : .   (no gloves)
Sust.Abil.: . .     Stasis     : .   (boots unavailable)
Res.Mut.  : .       Ctrl.Telep.: .   (no amulet)
Res.Rott. : .       Levitation : .   (no ring)
Saprovore : . . .   Ctrl.Flight: .   p - ring of magical power

@: slightly resistant to hostile enchantments, fairly stealthy
A: beak, talons 3
a: no special abilities


You were on level 4 of the Dungeon.
You were not hungry.

You visited 1 branch of the dungeon, and saw 4 of its levels.

You collected 61 gold pieces.

Inventory:

Armour
 a - a +1 robe
 j - a +0 leather armour (worn)
Comestibles
 b - 3 bread rations
 f - a meat ration
 o - 6 chunks of orc flesh
Scrolls
 e - a scroll of detect curse {unknown}
 g - a scroll of enchant weapon II {unknown}
 k - 4 scrolls of remove curse {unknown}
 m - 2 scrolls of identify {unknown}
Jewellery
 p - a ring of magical power (left hand)
Potions
 d - 2 potions of agility {unknown}
 h - a potion of brilliance {unknown}
 i - a potion of resistance
 l - a potion of curing {unknown}
Books
 c - a book of Conjurations

   Spells                             Type                      Level
   *Magic Dart                        Conjuration                  1
   Throw Frost                        Conjuration/Ice              2
   *Mephitic Cloud                    Conjuration/Poison/Air       3
   Lightning Bolt                     Conjuration/Air              5
   Bolt of Cold                       Conjuration/Ice              6
   Freezing Cloud                     Conjuration/Ice/Air          6


   Skills:
 + Level 1.1 Fighting
 + Level 3.5 Dodging
 + Level 2.3 Stealth
 + Level 1.1 Stabbing
 + Level 0.5 Traps & Doors
 * Level 2.4 Unarmed Combat
 + Level 1.3 Spellcasting
 * Level 6.2 Conjurations


You had one spell level left.
You knew the following spells:

 Your Spells              Type           Power        Failure   Level  Hunger
a - Magic Dart            Conj           ####.        1%          1    Strawberry
b - Mephitic Cloud        Pois/Air/Conj  ##.......    41%         3    Honeycomb

Dungeon Overview and Level Annotations

Branches:
Dungeon (4/27)
 Temple: D:4-7

Altars:
Fedhas

Annotations
D:4 Dowan, Duvessa


Innate Abilities, Weirdness & Mutations

You have a beak for a mouth.
You have claws for feet.


Message History

Pick up a kobold corpse? ((y)es/(n)o/(a)ll/(m)enu/*?g,/q) Pick up an orcish short sword? ((y)es/(n)o/(a)ll/(m)enu/*?g,/q) Pick up an orcish flail? ((y)es/(n)o/(a)ll/(m)enu/*?g,/q) Pick up a dagger? ((y)es/(n)o/(a)ll/(m)enu/*?g,/q)
Okay, then.
There is a stone staircase leading down here.
Done exploring.
You climb downwards.
Level annotation: Dowan, Duvessa Duvessa closely misses you.
There is a stone staircase leading up, spattered with blood here.
You aren't carrying any items that can be evoked.
Press: ? - help, v - describe, . - travel A floor.
You barely miss Duvessa. You punch Duvessa, but do no damage.
Duvessa hits you with a glowing elven short sword!
* * * LOW HITPOINT WARNING * * *
The orc wizard casts a spell at you. The magic dart hits you!
You die...

.........
...........
............#
...............
................
................
.....(...........
........<.........
.)e.....e@........
..............[..
..............=.
..........#.....
.........##....
....#.... ..#
.....$o.. .
........ ...


You could see Duvessa, Dowan and an orc wizard.

Vanquished Creatures
  2 adders
  A worm (D:3)
  An ooze (D:2)
  4 orcs (D:3)
  10 bats
  4 giant cockroaches
  9 goblins
  3 hobgoblins
  8 kobolds
  2 quokkas (D:3)
  4 giant newts
  14 rats
62 creatures vanquished.

Vanquished Creatures (others)
  A rat (D:1)
  3 toadstools (D:1)
4 creatures vanquished.

Grand Total: 66 creatures vanquished

Notes
Turn   | Place    | Note
--------------------------------------------------------------
     0 | D:1      | ThePet, the Tengu Conjurer, began the quest for the Orb.
     0 | D:1      | Reached XP level 1. HP: 10/10 MP: 3/3
   184 | D:1      | Reached XP level 2. HP: 6/15 MP: 5/5
   729 | D:1      | Reached skill level 6 in Conjurations
   793 | D:1      | Reached skill level 1 in Fighting
  1395 | D:2      | Reached XP level 3. HP: 19/19 MP: 6/6
  1432 | D:2      | Reached skill level 1 in Stabbing
  1432 | D:2      | Reached skill level 1 in Unarmed Combat
  1465 | D:2      | Learned a level 3 spell: Mephitic Cloud
  2739 | D:3      | Reached XP level 4. HP: 24/24 MP: 4/8
  3033 | D:3      | Found a blossoming altar of Fedhas.
  3270 | D:4      | Noticed Duvessa
  3552 | D:4      | Noticed Dowan
  3580 | D:4      | Killed from afar by an orc wizard
